[Event "Live Chess"]
[Site "Chess.com"]
[Date "2023.05.20"]
[Round "-"]
[White "BogdanBeleiUkraine"]
[Black "wot-not"]
[Result "0-1"]
[WhiteElo "1167"]
[BlackElo "1460"]
[TimeControl "300"]
[EndTime "11:14:56 PDT"]
[Termination "wot-not won by resignation"]

1. e4 e6 2. Nc3 d5 3. e5 d4 4. Ne4 Nc6 5. f4 Nge7 6. Bb5 Nd5 7. g3 Bd7 8. d3 a6 9. Ba4 Be7 10. Nf3 h6 11. Bxc6 Bxc6 12. Nxd4 O-O 13. Nf3 f6 14. exf6 Nxf6 15. O-O Nxe4 16. dxe4 Bxe4 17. c3 Bc5+ 18. Kg2 Qe8 19. Qe2 Bd5 20. c4 Bc6 21. Be3 Bxe3 22. Qxe3 Qh5 23. b3 Rae8 24. Kg1 Bxf3 25.
Rxf3 e5 26. Qd3 e4 27. Qd5+ Qxd5 28. cxd5 exf3 0-1

[Event "Live Chess"]
[Site "Chess.com"]
[Date "2023.05.20"]
[Round "-"]
[White "Enhard"]
[Black "CeladonFish"]
[Result "1-0"]
[WhiteElo "1453"]
[BlackElo "1035"]
[TimeControl "300"]
[EndTime "11:14:57 PDT"]
[Termination "Enhard won by checkmate"]

1. d4 Nf6 2. Bf4 g6 3. e3 Bg7 4.
h3 O-O 5. Nf3 d6 6. c3 Bf5 7.
Nbd2 Nbd7 8. Bh2 c5 9. Bb5 Nb6 10. O-O a6 11. Be2 Nbd5 12. dxc5 dxc5 13. Nb3 c4 14.
Bxc4 b5 15. Bxd5 Nxd5 16. Nbd4 Bxd4 17. Nxd4 e5 18. Bxe5 f6 19. Bh2 Bd7 20. Re1 Re8 21. e4 Nb6 22. b3 Re5 23. Bxe5 fxe5 24. Nf3 Rc8 25. Nxe5 Qe7 26. Nxd7 Nxd7 27. Qd5+ Kg7 28. Rad1 Rd8 29. Qd4+ Kf8 30. Qh8+ Kf7 31. Qxh7+ Kf6 32. e5+ Nxe5 33. Qxe7+ Kxe7 34. Rxe5+ Kf6 35. Rxd8 Kxe5 36. Ra8 Ke4 37. Rxa6 Kd3 38. Ra5 Kxc3 39. Rxb5 Kb2 40. a4 Ka3 41. Kf1 g5 42. Ke2 g4 43. hxg4 Kb2 44. g5 Ka3 45. g6 Kb2 46. g7 Ka3 47. g8=Q Kb2 48. Qg7+ Ka3 49. Qa1# 1-0

[Event "Live Chess"]
[Site "Chess.com"]
[Date "2023.05.20"]
[Round "-"]
[White "mliszewski"]
[Black "Jeffaroow"]
[Result "1-0"]
[WhiteElo "1902"]
[BlackElo "460"]
[TimeControl "300"]
[EndTime "11:15:06 PDT"]
[Termination "mliszewski won by resignation"]

1. d4 d5 2. Bf4 Nf6 3. e3 c5 4. dxc5 e6 5. b4 a5 6. c3 axb4 7. cxb4 Na6 8. Bxa6 bxa6 9. Nd2 a5 10.
a3 axb4 11. axb4 Rxa1 12. Qxa1 Ne4 13. Nxe4 dxe4 14. Ne2 g5 15. Bg3 f6 16. O-O Bg7 17. Rd1 Bd7 18. c6 1-0

[Event "Live Chess"]
[Site "Chess.com"]
[Date "2023.05.20"]
[Round "-"]
[White "hturner40"]
[Black "bristolunichess"]
[Result "0-1"]
[WhiteElo "1832"]
[BlackElo "1833"]
[TimeControl "300"]
[EndTime "11:15:09 PDT"]
[Termination "bristolunichess won on time"]

1. Nc3 Nf6 2. d4 d5 3. Bg5 Ne4 4. Nxe4 dxe4 5. e3 c5 6. Qd2 Nc6 7. dxc5 Qxd2+ 8. Kxd2 e5 9. Bb5 Bd7 10. Ne2 Bxc5 11. Nc3 h6 12. Bh4 g5 13. Bg3 f5 14.
Bxc6 Bxc6 15. Bxe5 O-O-O+ 16. Ke2 Rhe8 17. Bg3 b5 18. a3 a5 19. Rhd1 b4 20. axb4 axb4 21. Na4 Bb5+ 22.
Ke1 Rxd1+ 23. Kxd1 Ba7 24. b3 Rf8 25. Nb2 Kb7 26.
Be5 f4 27. Bd4 Rd8 28. Rxa7+ Kc6 29. Rh7 fxe3 30. fxe3 Rd6 31. Nc4 Bxc4 32. bxc4 g4 33. c5 Rf6 34. Ra7 Rf1+ 35. Ke2 Rg1 36. Ra6+ Kd5 37.
Rxh6 Rxg2+ 38. Kf1 Rxc2 39. Rh5+ Kc4 40. c6 Kd3 41. Rc5 Rxh2 42. c7 g3 43. c8=Q g2+ 44.
Kg1 Rh1+ 45. Kxg2 Rh2+ 0-1

[Event "Live Chess"]
[Site "Chess.com"]
[Date "2023.05.20"]
[Round "-"]
[White "YF22Raptor"]
[Black "18Ziyad"]
[Result "1-0"]
[WhiteElo "1017"]
[BlackElo "935"]
[TimeControl "300"]
[EndTime "11:15:24 PDT"]
[Termination "YF22Raptor won by resignation"]

1. e4 d5 2. exd5 Qxd5 3. Nc3 Qd8 4. Qe2 Nf6 5. Nf3 Nc6 6. d4 Bg4 7. Be3 e6 8. O-O-O Bb4 9. h3 Bh5 10. Bd2 Bg6 11. a3 Ne4 12. Nxe4 Bxd2+ 13. Rxd2 f5 14. Nc5 O-O 15. Qxe6+ Bf7 16. Qxf5 b6 17. Ne6 Bxe6 18.
Qxe6+ Kh8 19. Qxc6 1-0

[Event "Live Chess"]
[Site "Chess.com"]
[Date "2023.05.20"]
[Round "-"]
[White "Mikhail_Golubev"]
[Black "Singapourfeuj"]
[Result "1-0"]
[WhiteElo "2529"]
[BlackElo "2235"]
[TimeControl "300"]
[EndTime "11:15:33 PDT"]
[Termination "Mikhail_Golubev won by checkmate"]

1. e4 e6 2. d4 d5 3. Nc3 Nf6 4. Bg5 Be7 5. exd5 Nxd5 6. Bxe7 Qxe7 7. Qd2 Nxc3 8. Qxc3 O-O 9. O-O-O c5 10. Qxc5 Qxc5 11. dxc5 a5 12. Nf3 Nd7 13. c6 bxc6 14. Rd6 a4 15. Be2 a3 16. b3 Nf6 17. Bd3 c5 18.
Ne5 Bb7 19. f3 Rfd8 20. Rxd8+ Rxd8 21. c4 Nd7 22. Nxd7 Rxd7 23. Kc2 f6 24. Rd1 Bc6 25. Be2 Rxd1 26. Bxd1 e5 27. Kc3 e4 28. b4 cxb4+ 29. Kxb4 Kf7 30. Kxa3 Ke6 31. Kb4 e3 32.
Kc3 f5 33. f4 Bxg2 34. Kd3 Bf1+ 35. Kxe3 Bxc4 36. Bb3 Bxb3 37. axb3 Kd5 38. Kd3 Kc5 39. h4 Kb4 40. Kc2 g6 41. Kb2 Kc5 42. Kc3 Kd5 43.
b4 Ke4 44. b5 Kxf4 45. b6 Kg4 46. b7 Kxh4 47. b8=Q h5 48. Qf4+ Kh3 49. Qg5 f4 50. Qxf4 h4 51. Kd2 g5 52. Qxg5 Kh2 53. Ke2 h3 54.
Kf1 Kh1 55. Qg1# 1-0

[Event "Live Chess"]
[Site "Chess.com"]
[Date "2023.05.20"]
[Round "-"]
[White "flyingpuffins"]
[Black "whitedjohn"]
[Result "1-0"]
[WhiteElo "1992"]
[BlackElo "1676"]
[TimeControl "300"]
[EndTime "11:15:34 PDT"]
[Termination "flyingpuffins won by checkmate"]

1. e4 Nf6 2. Nc3 d5 3. exd5 Nxd5 4. Bc4 c6 5. Nf3 Bg4 6. O-O e6 7. h3 Bh5 8. g4 Bg6 9. Ne5 Nxc3 10. bxc3 Bd6 11.
Qe2 Qc7 12. f4 Nd7 13. d4 Bxe5 14. fxe5 O-O 15. h4 h6 16. h5 Bh7 17. g5 hxg5 18.
Bxg5 c5 19. h6 cxd4 20. hxg7 Rfc8 21. Qf3 Nxe5 22. Qf6 Nxc4 23. Rf4 dxc3 24. Rh4 Qg3+ 25. Kh1 Rc5 26. Rxh7 Qxg5 27. Rh8# 1-0

[Event "Live Chess"]
[Site "Chess.com"]
[Date "2023.05.20"]
[Round "-"]
[White "LL220284LL"]
[Black "NAZRIZ1977"]
[Result "1-0"]
[WhiteElo "2389"]
[BlackElo "2143"]
[TimeControl "300"]
[EndTime "11:15:38 PDT"]
[Termination "LL220284LL won by resignation"]

1. e3 g6 2. b3 Bg7 3. d4 c5 4. Bb2 Nf6 5. Nf3 O-O 6. Nbd2 d5 7.
Be2 Nc6 8. O-O Nd7 9. c4 dxc4 10.
Nxc4 cxd4 11. Nxd4 Nxd4 12. Bxd4 Bxd4 13. Qxd4 Nf6 14. Rfd1 Be6 15. Bf3 Qxd4 16. Rxd4 Rab8 17. Na5 Rfc8 18. Nxb7 Rc2 19. Nd8 Bf5 20. Nc6 Re8 21. Nxa7 1-0

[Event "Live Chess"]
[Site "Chess.com"]
[Date "2023.05.20"]
[Round "-"]
[White "seuen"]
[Black "Lewstar1"]
[Result "1-0"]
[WhiteElo "1148"]
[BlackElo "454"]
[TimeControl "300"]
[EndTime "11:15:43 PDT"]
[Termination "seuen won by resignation"]

1. e4 Nc6 2. d4 b6 3. d5 Nb4 4.
c3 Na6 5. Nf3 Nf6 6. Bd3 d6 7.
O-O Bg4 8. Nbd2 Nc5 9. Bb5+ Ncd7 10. Bc6 Rb8 11. Qa4 a5 12. e5 dxe5 13. Nxe5 Bf5 14.
Ndf3 g6 15. Bg5 Bg7 16. Bxf6 Bxf6 17. g4 Bxe5 18. Nxe5 f6 19. gxf5 gxf5 20. Nxd7 Rc8 21. Nxb6+ Kf7 22. Nxc8 Qxc8 1-0

[Event "Live Chess"]
[Site "Chess.com"]
[Date "2023.05.20"]
[Round "-"]
[White "ViktorTheCoolBoy"]
[Black "Driftboard"]
[Result "1-0"]
[WhiteElo "2543"]
[BlackElo "678"]
[TimeControl "300"]
[EndTime "11:15:53 PDT"]
[Termination "ViktorTheCoolBoy won by checkmate"]

1. Nf3 e5 2. Nxe5 Nc6 3. Nf3 Nf6 4. d4 Be7 5. d5 Nb8 6. c4 d6 7. Nc3 Bg4 8. Nd4 c5 9. Nc2 O-O 10. f3 Bf5 11. e4 Bd7 12. Bd3 a6 13. O-O b5 14.
cxb5 axb5 15. Bxb5 Bxb5 16. Nxb5 Ra5 17. Nc3 Ra8 18.
b3 Qa5 19. Bd2 Qa6 20. Qe2 Qxe2 21. Nxe2 h6 22. Ne3 Kh7 23. Nf5 Re8 24. Bf4 Ra6 25. Nc3 Nh5 26. Bd2 g6 27. Nxe7 Rxe7 28. a4 Rb6 29.
Nb5 Na6 30. Ba5 Rb8 31. Rfc1 Nb4 32. Bxb4 cxb4 33. Nxd6 Rd7 34. Nb5 Nf4 35. Rc4 Ne2+ 36. Kf2 Nf4 37. Rd1 f5 38. g3 Nh5 39. e5 g5 40. e6 Re7 41. Rc7 Rxc7 42. Nxc7 Nf6 43.
d6 Rb7 44. d7 Nxd7 45. exd7 Rb8 46. d8=Q Rxd8 47. Rxd8 Kg7 48. Rb8 Kf7 49. Rxb4 Ke7 50.
Rc4 Kd7 51. a5 Kd6 52. a6 Kd7 53. a7 Kd6 54. a8=Q Kd7 55. Qe8+ Kd6 56. Qe6# 1-0

[Event "Live Chess"]
[Site "Chess.com"]
[Date "2023.05.20"]
[Round "-"]
[White "VovaOvchar1990"]
[Black "GEMdzq"]
[Result "0-1"]
[WhiteElo "1194"]
[BlackElo "2201"]
[TimeControl "300"]
[EndTime "11:16:14 PDT"]
[Termination "GEMdzq won by resignation"]

1. e4 d6 2. Bc4 Nf6 3. Nc3 g6 4. h3 Bg7 5. d4 O-O 6. Nf3 c6 7. O-O b5 8. Bb3 b4 9. Ne2 Nxe4 10. Ng3 Nxg3 11. fxg3 a5 12. a3 Ba6 13. Rf2 a4 14. Ba2 Qb6 15. axb4 Qxb4 16. c3 Qb6 17. Be3 Nd7 18.
d5 c5 19. Qxa4 Bb5 20. Qh4 Ra4 21. Qxe7 Nf6 22. Rff1 Re4 23. Qxf8+ Kxf8 24. Bf2 Bxf1 25. Rxf1 Qxb2 26. Bc4 Rxc4 27. Ng5 Rxc3 28. Nxh7+ Nxh7 29. Bxc5 Rxc5 30. Rxf7+ Kxf7 31. Kh2 Bd4 0-1

[Event "Live Chess"]
[Site "Chess.com"]
[Date "2023.05.20"]
[Round "-"]
[White "mattihelenius2"]
[Black "SupremeTactician"]
[Result "0-1"]
[WhiteElo "479"]
[BlackElo "2415"]
[TimeControl "300"]
[EndTime "11:16:18 PDT"]
[Termination "SupremeTactician won by checkmate"]

1. d4 Nf6 2. e4 e6 3. e5 Nd5 4.
Nc3 Bb4 5. a3 Bxc3+ 6. bxc3 Nxc3 7. Qd3 Nd5 8. Rb1 b6 9. c4 Ne7 10. Bg5 h6 11. Bxe7 Qxe7 12. Be2 Bb7 13. c5 O-O 14. Nf3 a5 15. Rb5 Ba6 16. cxb6 c6 17. Rxa5 Bxd3 18. Bxd3 Rxa5 19. b7 Rxa3 20. Ke2 Ra2+ 21.
Ke3 f5 22. Rb1 f4+ 23. Ke4 d5+ 24. exd6 Qxd6 25. Ne5 Qd5# 0-1

[Event "Live Chess"]
[Site "Chess.com"]
[Date "2023.05.20"]
[Round "-"]
[White "domrobson"]
[Black "JanMur7"]
[Result "1-0"]
[WhiteElo "1756"]
[BlackElo "1956"]
[TimeControl "300"]
[EndTime "11:16:23 PDT"]
[Termination "domrobson won by resignation"]

1. d4 Nf6 2. c4 e6 3. Nc3 d5 4.
Nf3 Be7 5. Bg5 h6 6. Bxf6 Bxf6 7. e3 O-O 8. Rc1 b6 9. cxd5 exd5 10. Bd3 c6 11. O-O Bg4 12. Be2 Nd7 13. h3 Bh5 14.
Ne5 Bxe2 15. Nxe2 Bxe5 16. dxe5 Nxe5 17. f4 Nc4 18. Qd4 Qe7 19. Rf3 Rfe8 20. Rc3 Qe4 21.
Qxe4 Rxe4 22. b3 Nd2 23. Rg3 c5 24. Rd3 Nb1 25. Rxd5 Rae8 26. Rd3 Na3 27. Nc3 R4e6 28. e4 c4 29. bxc4 Nxc4 30. e5 Nb2 31. Rd7 Rc6 32. Nd5 Kf8 33. Rxa7 Rd8 34. Nb4 Rc1+ 35. Kh2 h5 36.
Rb3 Nc4 37. Rd3 Rxd3 38. Nxd3 h4 39. Nxc1 1-0

[Event "Live Chess"]
[Site "Chess.com"]
[Date "2023.05.20"]
[Round "-"]
[White "MaximKris"]
[Black "jennybobby44"]
[Result "1/2-1/2"]
[WhiteElo "1869"]
[BlackElo "1854"]
[TimeControl "300"]
[EndTime "11:16:30 PDT"]
[Termination "Game drawn by agreement"]

1. e4 c5 2. Nf3 d6 3. c3 g6 4. d4 cxd4 5. cxd4 Bg7 6. Nc3 e6 7. Bc4 Ne7 8. O-O a6 9. Bg5 O-O 10. e5 d5 11. Bd3 h6 12. Bf6 Qc7 13. Bxg7 Kxg7 14. Nh4 Nd7 15. Rc1 Qb6 16. Qg4 Re8 17.
Na4 Qb4 18. Nc5 Nxc5 19. Rxc5 Bd7 20. Rc7 Rad8 21. Rfc1 Nf5 22. Nxf5+ exf5 23. Qf4 Be6 24. Qh4 Rc8 25. Qf6+ Kg8 26. Rxc8 Rxc8 27. Rxc8+ Bxc8 28. Qd8+ Qf8 29. Qxf8+ Kxf8 30. Kf1 Ke7 31. Ke2 Kd7 32.
f4 Kc6 33. h3 b5 34. Kf3 a5 35. g4 fxg4+ 36. hxg4 b4 37. f5 g5 38. f6 Be6 39.
Bf5 Kd7 40. Bxe6+ Kxe6 41. b3 Kd7 42. Ke3 Ke6 43. Kf3 1/2-1/2

[Event "Live Chess"]
[Site "Chess.com"]
[Date "2023.05.20"]
[Round "-"]
[White "Chesscoach_Golichenko"]
[Black "CocheseUK"]
[Result "1-0"]
[WhiteElo "2654"]
[BlackElo "1106"]
[TimeControl "300"]
[EndTime "11:16:30 PDT"]
[Termination "Chesscoach_Golichenko won by resignation"]

1. d4 d5 2. c4 dxc4 3. e3 Nf6 4. Bxc4 c6 5. Nf3 Bd7 6. O-O e6 7. Nc3 Bd6 8. e4 O-O 9. e5 Ne8 10. exd6 Nxd6 11. Bd3 b5 12. Bf4 Qe7 13. Bxh7+ Kxh7 14. Ng5+ 1-0

[Event "Live Chess"]
[Site "Chess.com"]
[Date "2023.05.20"]
[Round "-"]
[White "Olisingapore"]
[Black "viktorskliarov"]
[Result "0-1"]
[WhiteElo "1914"]
[BlackElo "2650"]
[TimeControl "300"]
[EndTime "11:16:36 PDT"]
[Termination "viktorskliarov won by checkmate"]

1. d4 Nf6 2. c4 e6 3. g3 c5 4. d5 exd5 5. cxd5 b5 6. Bg2 d6 7. a3 g6 8. Nc3 a6 9. Nf3 Bg7 10. O-O O-O 11. Bf4 Re8 12. Re1 h6 13.
Qd3 g5 14. Bd2 Nbd7 15. b4 Bb7 16. Rac1 Rc8 17. e4 c4 18. Qc2 Ng4 19. h3 Nge5 20.
Ne2 Nxf3+ 21. Bxf3 Ne5 22. Bg2 Nd3 23. Red1 f5 24. Be3 fxe4 25. Nc3 Rc7 26. Bxe4 Nxc1 27.
Rxc1 Bxc3 28. Qxc3 Rxe4 29. Bb6 Qc8 30. Bxc7 Qxc7 31.
Re1 Rxe1+ 32. Qxe1 Bxd5 33. Qb1 Qf7 34. Kh2 Qxf2# 0-1

[Event "Live Chess"]
[Site "Chess.com"]
[Date "2023.05.20"]
[Round "-"]
[White "TobyQuaite"]
[Black "BillythekidFellowes"]
[Result "0-1"]
[WhiteElo "1693"]
[BlackElo "2013"]
[TimeControl "300"]
[EndTime "11:16:36 PDT"]
[Termination "BillythekidFellowes won by resignation"]

1. e4 Nc6 2. d4 d5 3. exd5 Qxd5 4.
Nf3 e5 5. Nc3 Bb4 6. dxe5 Qxd1+ 7. Kxd1 Bg4 8. Bf4 O-O-O+ 9. Kc1 Nge7 10. Bd3 Bxc3 11. bxc3 Nd5 12. Bd2 Bxf3 13. gxf3 Nxe5 14. Be4 g6 15. f4 Nc4 16. Be1 Nxf4 17. Rb1 0-1

[Event "Live Chess"]
[Site "Chess.com"]
[Date "2023.05.20"]
[Round "-"]
[White "Leonid_Starozhilov"]
[Black "Trendle"]
[Result "1-0"]
[WhiteElo "2653"]
[BlackElo "2665"]
[TimeControl "300"]
[EndTime "11:16:37 PDT"]
[Termination "Leonid_Starozhilov won by resignation"]

1. e4 e6 2. d4 d5 3. Nc3 Nc6 4. Nf3 Nf6 5. Bg5 Be7 6. Bxf6 Bxf6 7. Bb5 O-O 8. e5 Be7 9. O-O Bd7 10. Re1 Na5 11. a3 Bxb5 12. Nxb5 a6 13. Nc3 Nc4 14. Qc1 c5 15. b3 Nb6 16. Ne2 Rc8 17. Qd2 cxd4 18.
Nfxd4 Qc7 19. f4 Nd7 20. c3 Nc5 21. Rec1 Ne4 22. Qe3 Bc5 23. Ng3 f5 24. Nxe4 dxe4 25. g4 Rfd8 26. gxf5 exf5 27. Kg2 Qb6 28. b4 Bxd4 29.
cxd4 Rxc1 30. Rxc1 Qxd4 31. Qxd4 Rxd4 32. e6 e3 33.
Rc8+ 1-0

[Event "Live Chess"]
[Site "Chess.com"]
[Date "2023.05.20"]
[Round "-"]
[White "aliciabutteriss"]
[Black "defenderalist"]
[Result "0-1"]
[WhiteElo "542"]
[BlackElo "1589"]
[TimeControl "300"]
[EndTime "11:16:37 PDT"]
[Termination "defenderalist won by resignation"]

1. e4 e6 2. d4 d5 3. Nc3 dxe4 4.
Nxe4 Nc6 5. Be3 Bb4+ 6. c3 Be7 7.
Bd3 Nf6 8. Nf3 Nxe4 9. Bxe4 O-O 10. Qd3 f5 11. Bxc6 bxc6 12. Ne5 Bb7 13. O-O-O Bf6 14. Nc4 Ba6 15. Bf4 Bxc4 16. Qxc4 Rb8 17. b3 Qd5 18. Qxd5 cxd5 19. Bxc7 Rbc8 20. Bf4 Rxc3+ 21. Kb2 Rfc8 22. Rd2 h6 23. Re1 g5 24. Rxe6 Kf7 25.
Ree2 gxf4 26. Rc2 Rxc2+ 27. Rxc2 Rxc2+ 28. Kxc2 Bxd4 29. h4 Bxf2 30. g4 fxg3 31. h5 g2 32.
Kb2 g1=Q 33. Ka3 Bc5+ 0-1

[Event "Live Chess"]
[Site "Chess.com"]
[Date "2023.05.20"]
[Round "-"]
[White "DerbyKnight"]
[Black "vinni3012"]
[Result "1-0"]
[WhiteElo "1668"]
[BlackElo "1809"]
[TimeControl "300"]
[EndTime "11:16:39 PDT"]
[Termination "DerbyKnight won by resignation"]

1. d4 d5 2. Nf3 Nf6 3. e3 b6 4. b3 Nbd7 5. Bb2 Bb7 6. Bd3 e6 7. Nbd2 c5 8. O-O Bd6 9. Ne5 O-O 10. f4 Re8 11. Rf3 g6 12. Rh3 a6 13. g4 c4 14.
bxc4 dxc4 15. Ndxc4 Bf8 16. g5 Ne4 17. Qg4 Be7 18.
Qh4 Nf8 19. Nxf7 Kxf7 20. Ne5+ Kg7 21. Qh6+ Kg8 22. d5 Qxd5 23. Nxg6 Nf6 24. e4 Qc5+ 25. Kf1 Nxg6 26. gxf6 1-0

[Event "Live Chess"]
[Site "Chess.com"]
[Date "2023.05.20"]
[Round "-"]
[White "Supertromp"]
[Black "HoarseyHorsey"]
[Result "1-0"]
[WhiteElo "2181"]
[BlackElo "1384"]
[TimeControl "300"]
[EndTime "11:16:41 PDT"]
[Termination "Supertromp won by resignation"]

1. d4 Nf6 2. Bg5 d5 3. Bxf6 exf6 4. e3 Bd6 5. c4 c6 6. Nc3 O-O 7. cxd5 cxd5 8. Nf3 Qa5 9. Bd3 Bg4 10. O-O Nc6 11. h3 Bh5 12. Be2 a6 13. Nh4 Bxe2 14. Qxe2 Rac8 15. Qg4 Ne7 16. e4 dxe4 17. Nxe4 Qc7 18.
Nxf6+ Kh8 19. Nh5 Ng6 20. Nxg6+ fxg6 21. Ng3 Bxg3 22. fxg3 Qc2 23. Kh2 Rcd8 24. Rxf8+ Rxf8 25. Re1 Qxb2 26. Qd7 Qf2 27. Re7 Qf6 28. d5 h5 29.
h4 b5 30. Re6 Qf5 31. Qd6 Rf6 32. Re8+ Kh7 33. Qd8 g5 34. Rh8+ Kg6 35. Qe8+ Rf7 36. hxg5 Qxg5 37. d6 Qd5 38. Rf8 Kf6 39. Rxf7+ Qxf7 40. d7 1-0

[Event "Live Chess"]
[Site "Chess.com"]
[Date "2023.05.20"]
[Round "-"]
[White "diana21strabt"]
[Black "chessleanstrategist"]
[Result "1-0"]
[WhiteElo "1708"]
[BlackElo "400"]
[TimeControl "300"]
[EndTime "11:16:42 PDT"]
[Termination "diana21strabt won on time"]

1. e4 d6 2. d4 Nf6 3. Nc3 Nc6 4. Nf3 g6 5. Bb5 Bd7 6. O-O Bg7 7. h3 a5 8. d5 Ne5 9. Bxd7+ Qxd7 10. Nxe5 dxe5 11. f4 exf4 12. Bxf4 Nh5 13. Bd2 O-O 14. Qf3 c5 15. Rad1 Rad8 16. Be3 Qc7 17. a4 b6 18. Nb5 Qb8 19. c3 Nf6 20. Bf4 Qb7 21. c4 Nd7 22. e5 Bxe5 23. Bxe5 Nxe5 24. Qe4 Nd7 25. Qxe7 1-0

[Event "Live Chess"]
[Site "Chess.com"]
[Date "2023.05.20"]
[Round "-"]
[White "garyjc"]
[Black "zdanevych"]
[Result "0-1"]
[WhiteElo "1036"]
[BlackElo "1546"]
[TimeControl "300"]
[EndTime "11:16:46 PDT"]
[Termination "zdanevych won by resignation"]

1. e4 d5 2. exd5 c6 3. dxc6 Nxc6 4. Nc3 a6 5. d3 Nf6 6. Nf3 h6 7. Bd2 e6 8. Qe2 b5 9. Ne5 Bb7 10. Nxc6 Bxc6 11. O-O-O b4 12. Ne4 Be7 13. Kb1 O-O 14.
Nxf6+ Bxf6 15. Bxb4 Re8 16. Qd2 a5 17. Bc3 Be7 18. Qe3 a4 19. Qg3 Bf6 20. Bxf6 Qxf6 21. c3 Reb8 22. Rd2 Qxc3 23. Qe3 Bd5 24. Rc2 Qb4 25. d4 a3 26. b3 Bxb3 27. axb3 Qxb3+ 28. Qxb3 Rxb3+ 29. Ka2 Rab8 30. Bc4 Rb2+ 31. Rxb2 axb2 32. Ka3 b1=Q 33. Rxb1 Rxb1 34. Ka4 Rb2 35. Bb5 Rxf2 0-1

[Event "Live Chess"]
[Site "Chess.com"]
[Date "2023.05.20"]
[Round "-"]
[White "stevegleds"]
[Black "AttackingSnowLeopard"]
[Result "0-1"]
[WhiteElo "614"]
[BlackElo "2082"]
[TimeControl "300"]
[EndTime "11:16:47 PDT"]
[Termination "AttackingSnowLeopard won by resignation"]

1. e4 e5 2. Nf3 Nc6 3. Nc3 Nf6 4. Bc4 Bc5 5. d3 O-O 6. O-O h6 7. Re1 d6 8. h3 Na5 9. a3 Nxc4 10. dxc4 a6 11. b4 Ba7 12. Nd5 c6 13. Nxf6+ Qxf6 14. c3 Rd8 15. Be3 Bxe3 16. Rxe3 Be6 17.
Rd3 Bxc4 18. Rxd6 Rxd6 19. Qxd6 Qxd6 0-1

[Event "Live Chess"]
[Site "Chess.com"]
[Date "2023.05.20"]
[Round "-"]
[White "Richardallis"]
[Black "Vladyslav2008"]
[Result "0-1"]
[WhiteElo "1672"]
[BlackElo "2174"]
[TimeControl "300"]
[EndTime "11:16:56 PDT"]
[Termination "Vladyslav2008 won by resignation"]

1. d4 Nf6 2. Nf3 g6 3. Bg5 Bg7 4. Nbd2 O-O 5. c3 d6 6. e4 Nc6 7. Bc4 h6 8. Bxf6 Bxf6 9. O-O Bg7 10. Qe2 e5 11. dxe5 Nxe5 12. Nxe5 Bxe5 13. f4 Bg7 14. Rae1 Re8 15. Qf3 c6 16. Bb3 a5 17. a4 Be6 18. f5 Qb6+ 19. Kh1 Bxb3 20. fxg6 fxg6 21. Nxb3 Qxb3 22. Qg3 Qe6 23. Rf3 Rf8 24. Rd1 Be5 25. Qh4 Rxf3 26. gxf3 Kg7 27. Rg1 Rf8 28. Qf2 Qh3 0-1

[Event "Live Chess"]
[Site "Chess.com"]
[Date "2023.05.20"]
[Round "-"]
[White "Tilbs_12"]
[Black "1600x"]
[Result "1-0"]
[WhiteElo "1576"]
[BlackElo "1557"]
[TimeControl "300"]
[EndTime "11:17:00 PDT"]
[Termination "Tilbs_12 won by resignation"]

1. e4 d5 2. exd5 Qxd5 3. Nc3 Qe5+ 4. Be2 c6 5. Nf3 Qc7 6. O-O Nd7 7. Re1 h6 8. Bc4 g5 9. d4 Bg7 10. Be3 b5 11.
Bb3 Ngf6 12. a4 a6 13. axb5 Bb7 14. bxc6 Bxc6 15. d5 Nxd5 16. Bxd5 Bxc3 17. bxc3 e6 18. Bxc6 O-O-O 19. Rxa6 Nb8 20. Ra7 Rxd1 21. Rxc7+ Kxc7 22. Rxd1 Nxc6 23. Nd4 Nxd4 24. Bxd4 Rb8 25. Ra1 Rb2 26. g3 Kd6 27. Ra7 e5 28. Be3 Rxc2 29.
Ra6+ Kd5 30. Rxh6 g4 31. Rf6 Rxc3 32. Rxf7 Ke4 33. Kg2 Rc4 34. Rg7 Kf5 35. Rg5+ Ke6 36. h3 gxh3+ 37. Kxh3 Kf6 38. Rg8 Ra4 39. g4 Rb4 40.
Kh4 Ra4 41. Kh5 Kf7 42. Rb8 Ra1 43. Kg5 Ke6 44. Rb6+ Kf7 45. Kf5 Ke7 46. g5 Ra8 47.
Kxe5 Kf8 48. Kf5 Ke7 49. Kg4 Kd7 50. f4 Re8 51. Bf2 Ra8 52. g6 Kc7 53. Re6 Kd7 54. f5 Rd8 55. Kg5 Rh8 56. Bd4 Rf8 57. Ra6 Kc7 58. f6 Kb7 59. Re6 Rc8 60. g7 Rc2 61. f7 Rg2+ 62. Kf6 Rh2 63. g8=Q Rh6+ 64. Ke7 Rxe6+ 65. Kxe6 Kc6 66. Qc8+ Kb5 67. Kd5 Kb4 68. Bg7 Ka5 69. Qb8 Ka4 70. Kc4 1-0

[Event "Live Chess"]
[Site "Chess.com"]
[Date "2023.05.20"]
[Round "-"]
[White "wadsy27"]
[Black "Ocelot32"]
[Result "1-0"]
[WhiteElo "2588"]
[BlackElo "1396"]
[TimeControl "300"]
[EndTime "11:17:03 PDT"]
[Termination "wadsy27 won by resignation"]

1. d4 d5 2. c4 dxc4 3. Nf3 a6 4. e3 Nf6 5. Bxc4 e6 6. O-O Bd6 7. Nc3 O-O 8. e4 Bb4 9. e5 Bxc3 10. bxc3 Nd5 11. Bd3 f6 12. exf6 Qxf6 13. Ng5 Qe7 14. Bxh7+ Kh8 15. Qh5 Nf6 16. Qh4 1-0

[Event "Live Chess"]
[Site "Chess.com"]
[Date "2023.05.20"]
[Round "-"]
[White "Tushinskiy"]
[Black "GMHarry-youtube"]
[Result "1-0"]
[WhiteElo "2116"]
[BlackElo "2104"]
[TimeControl "300"]
[EndTime "11:17:19 PDT"]
[Termination "Tushinskiy won by checkmate"]

1. d4 Nf6 2. c3 g6 3. Nf3 Bg7 4.
Bf4 O-O 5. Bg3 c5 6. Nbd2 cxd4 7. cxd4 d5 8. e3 Nc6 9. Bd3 Nd7 10. Rc1 e5 11. dxe5 Ncxe5 12. Nxe5 Nxe5 13. Bb1 Be6 14. O-O Rc8 15. b3 Qd7 16. Nf3 Nxf3+ 17. gxf3 Bh3 18.
Re1 f5 19. Qd3 d4 20. Rxc8 Rxc8 21. Rd1 Rc3 22. Qxc3 f4 23. Qc4+ Kh8 24. Bxf4 Qe7 25. Be4 Be5 26. Bxe5+ Qxe5 27. Qxd4 Qxd4 28. Rxd4 Kg7 29.
Bxb7 Kh6 30. f4 Kh5 31. Bf3+ Bg4 32. Bg2 Kh4 33. Rd5 a5 34. f3 Bh5 35. Rxa5 h6 36. Kf2 g5 37. fxg5 hxg5 38. f4 gxf4 39.
exf4 Bg6 40. Rg5 Bb1 41. a4 Bd3 42. Bf3 Bg6 43. a5 Be8 44. a6 Kh3 45. a7 Bd7 46.
a8=Q Bg4 47. Qh8+ Bh5 48. Qxh5# 1-0

[Event "Live Chess"]
[Site "Chess.com"]
[Date "2023.05.20"]
[Round "-"]
[White "JoeyCage"]
[Black "toog"]
[Result "1-0"]
[WhiteElo "2319"]
[BlackElo "2613"]
[TimeControl "300"]
[EndTime "11:17:22 PDT"]
[Termination "JoeyCage won by resignation"]

1. e4 e5 2. Nf3 Nc6 3. Bb5 a6 4. Bxc6 dxc6 5. d4 exd4 6. Qxd4 Qxd4 7. Nxd4 c5 8. Ne2 Nf6 9. Nbc3 Bd7 10. Bf4 O-O-O 11.
O-O-O Be7 12. f3 Rhe8 13. g4 Be6 14. h4 b5 15. Be3 Kb7 16. Nf4 Bc8 17. Nfd5 Nxd5 18.
Nxd5 Bd6 19. Bf4 Bxf4+ 20. Nxf4 c6 21. Rxd8 Rxd8 22. Rd1 Kc7 23. Rxd8 Kxd8 24. c3 Ke7 25. Kd2 Kd6 26. Ke3 c4 27. Kd4 c5+ 28. Ke3 Bb7 29. a3 Ke5 30. Nh5 g6 31. f4+ Ke6 32. Ng3 Bc8 33. Ne2 Kd6 34. Kf3 Bb7 35. Ng3 Ke6 36. Ke3 h6 37. Ne2 Bc8 38. Ng1 Kd6 39. f5 Bd7 40.
Kf4 Bc8 41. Nf3 a5 42. e5+ Kd5 43. e6 Bxe6 44. fxe6 fxe6 45. g5 hxg5+ 46. hxg5 b4 47. Ne5 a4 48. Nxg6 1-0

[Event "Live Chess"]
[Site "Chess.com"]
[Date "2023.05.20"]
[Round "-"]
[White "kerryman1969"]
[Black "lucaskk818"]
[Result "0-1"]
[WhiteElo "1146"]
[BlackElo "1892"]
[TimeControl "300"]
[EndTime "11:17:24 PDT"]
[Termination "lucaskk818 won on time"]

1. e4 c5 2. Nc3 a6 3. f4 b5 4. Nf3 Bb7 5. d3 d5 6. e5 e6 7. Be2 Ne7 8. O-O Nf5 9. g4 Nh4 10.
Be3 h5 11. g5 Nxf3+ 12. Bxf3 Qc7 13. Bxh5 d4 14. Bf2 dxc3 15. bxc3 Qc6 0-1